 Dungeon Crawl Stone Soup version 0.32-a0-120-gfac0567ad4 (webtiles) character file.

Game seed: 1698793645827038238

163 zenocrate the Sneak (level 5, 0/41 HPs)
             Began as a Demonspawn Delver on Feb 6, 2024.
             Was an Initiate of Gozag.
             Slain by a scorpion (2 damage)
             ... while paralysed by Grinder
             ... on level 4 of the Dungeon.
             The game lasted 00:03:19 (2775 turns).

zenocrate the Sneak (Demonspawn Delver)             Turns: 2775, Time: 00:03:20

Health: 0/41       AC:  8    Str: 14    XL:     5   Next: 20%
Magic:  5/5        EV:  2    Int: 11    God:    Gozag
Gold:   255        SH:  0    Dex: 14    Spells: 4/4 levels left

rFire   . . .        a - +0 dagger (speed)
rCold   . . .        (no shield)
rNeg    . . .        v - +0 leather armour
rPois   .            (no helmet)
rElec   .            x - scarf {+Inv}
rCorr   .            w - +0 pair of gloves
SInv    .            (no boots)
Will    .....        k - amulet of the acrobat
Stlth   ++           r - +4 ring of protection
HPRegen 0.26/turn    t - +5 ring of evasion
MPRegen 0.09/turn

%: acrobat
@: paralysed, lethally poisoned (0 -> -4), gold aura
A: demonic magic 2, demonic touch 2
a: Renounce Religion, Evoke Invisibility, Potion Petition, Call Merchant, Bribe
Branch


You were on level 4 of the Dungeon.
You worshipped Gozag.
Gozag was aware of your devotion.
You visited 1 branch of the dungeon, and saw 5 of its levels.

You collected 317 gold pieces.
You paid 62 gold pieces to Gozag.

Inventory:

Hand Weapons
 a - a +0 dagger of speed (weapon)
Missiles
 i - 4 curare-tipped darts (quivered)
 y - 4 poisoned darts
Armour
 l - a +0 plate armour
 v - a +0 leather armour (worn)
 w - a +0 pair of gloves (worn)
 x - a scarf of invisibility (worn)
Jewellery
 k - an amulet of the acrobat (around neck)
 r - a +4 ring of protection (left hand)
 t - a +5 ring of evasion (right hand)
Wands
 f - a wand of digging (3)
Scrolls
 b - a scroll of fog
 c - a scroll of revelation
 d - 2 scrolls of fear
 g - a scroll of immolation {unknown}
 h - a scroll of identify {unknown}
 j - a scroll of vulnerability {unknown}
 p - a scroll of noise {unknown}
 u - 2 scrolls of teleportation {unknown}
Potions
 e - a potion of haste
 m - 2 potions of heal wounds {unknown}
 n - 3 potions of curing {unknown}
 o - a potion of might {unknown}
 q - a potion of enlightenment {unknown}
 s - a potion of berserk rage {unknown}


   Skills:
 - Level 3.0 Fighting
 + Level 2.8 Short Blades
 - Level 1.7 Dodging
 - Level 4.5 Stealth
 - Level 3.9 Unarmed Combat


You had 4 spell levels left.
You didn't know any spells.
Your spell library contained the following spells:

 Spells                   Type           Power      Damage    Failure   Level
 Necrotise                Necr           0%         1d4       41%         1
 Gell's Gravitas          Tloc           0%         N/A       80%         3
 Teleport Other           Tloc           0%         N/A       80%         3
 Vampiric Draining        Necr           0%         2d6       80%         3
 Martyr's Knell           Necr/Summ      0%         N/A       99%         4
 Curse of Agony           Necr           0%         N/A       100%        5
 Dispersal                Tloc           0%         N/A       100%        6


Dungeon Overview and Level Annotations

Branches:
Dungeon (5/15)
 Temple: D:4-7

Altars:
Gozag
Kikubaaqudgha
Qazlal
Ru
Sif Muna
Uskayaw

Shops:
D:1 !

Annotations:
D:3 3 runed translucent doors, Azoth's ghost, amateur DrFi
D:4 Grinder


Innate Abilities, Weirdness & Mutations

Spells you cast may paralyse nearby enemies.
Your touch may inflict irresistible damage on your foes.


Message History

Grinder blinks!
The goblin misses you.
You hit Grinder.
Grinder is severely wounded.
You hit Grinder but do no damage.
Grinder is severely wounded.
Grinder hits you. The goblin completely misses you.
You closely miss Grinder.
Grinder is severely wounded.
You hit Grinder.
Grinder is severely wounded.
Grinder blinks!
The goblin barely misses you.
Unknown command.
You barely miss the goblin. Your punch misses the goblin.
The goblin barely misses you.
You hit the goblin.
You kill the goblin!
You hit the scorpion but do no damage. You closely miss the scorpion.
The scorpion stings you but does no damage.
You hit the scorpion but do no damage. Grinder gestures at you.
You suddenly lose the ability to move!
The scorpion stings you but does no damage.
Grinder grins, showing sharp teeth.
The scorpion stings you.
You are poisoned.
The scorpion poisons you!
You feel sick. The scorpion stings you.
You feel sick. The scorpion stings you.
* * * LOW HITPOINT WARNING * * *
Grinder says, "Tell me all your secrets, or I'll kill you."
Grinder hits you.
* * * LOW HITPOINT WARNING * * *
You feel sick. The scorpion completely misses you.
Grinder says, "Tell me all your secrets, or I'll kill you."
Grinder hits you.
* * * LOW HITPOINT WARNING * * *
The scorpion stings you.
You die...
Your body crumbles into a pile of gold.

....#.......#..#
####~~.
..#.........#.#
#≈~≈≈
.####......$..#
#≈≈≈≈~
..###..$....?##
≈≈≈≈≈.
...........#..##
≈≈≈≈~.
...........#...#
#####.
........$........
##.
......$5..........
[#..
.......@.........!
....
#......s........
....
..####..........
.... #..$.......
.... ...........
.### ............
.........###.
....###..#


You could see Grinder and a scorpion.

Vanquished Creatures
  An iguana (D:4)
  6 adders
  5 orcs (D:3)
  4 ball pythons
  6 bats
  9 endoplasms
  4 giant cockroaches
  8 hobgoblins
  5 quokkas
  3 frilled lizards
  10 goblins
  8 kobolds
  4 rats
73 creatures vanquished.

Notes
Turn   | Place    | Note
-------+----------+-------------------------------------------
     0 | D:5      | zenocrate the Demonspawn Delver began the quest for the
                  | Orb.
     0 | D:5      | Reached XP level 1. HP: 18/18 MP: 1/1
    35 | D:4      | Found an opulent altar of Gozag.
    91 | D:3      | Found a stormy altar of Qazlal.
    91 | D:3      | Found a shimmering blue altar of Sif Muna.
    91 | D:3      | Found a hide-covered altar of Uskayaw.
   361 | D:3      | Gained mutation: Your touch may inflict minor irresistible
                  | damage on your foes. [demonic ancestry]
   361 | D:3      | Reached XP level 2. HP: 11/24 MP: 2/2
   450 | D:3      | Found a runed translucent gate.
   450 | D:3      | Noticed Azoth's ghost (amateur DrFi)
   450 | D:3      | Noticed a kobold brigand
   525 | D:2      | Gained mutation: Your touch may inflict irresistible damage
                  | on your foes. [demonic ancestry]
   525 | D:2      | Reached XP level 3. HP: 25/29 MP: 3/3
   646 | D:1      | Found Guptukhla's Distillery.
  1123 | D:3      | Found a runed translucent gate.
  1123 | D:3      | Found a runed translucent gate.
  1160 | D:4      | Became a worshipper of Gozag Ym Sagoz the Greedy
  1200 | D:3      | Found an ancient bone altar of Kikubaaqudgha.
  1286 | D:2      | Identified the +8 shortbow "Ketusie" {freeze, ^Fragile rF-
                  | rC+++ Int+4}
  1325 | D:2      | Found an ancient bone altar of Kikubaaqudgha.
  1503 | D:2      | Gained mutation: Spells you cast may paralyse adjacent
                  | enemies. [demonic ancestry]
  1503 | D:2      | Reached XP level 4. HP: 35/35 MP: 4/4
  1567 | D:2      | Reached skill level 1 in Short Blades
  1844 | D:3      | Found a sacrificial altar of Ru.
  2731 | D:4      | Noticed Grinder
  2739 | D:4      | Gained mutation: Spells you cast may paralyse nearby
                  | enemies. [demonic ancestry]
  2739 | D:4      | Reached XP level 5. HP: 41/41 MP: 5/5
  2771 | D:4      | Paralysed by Grinder for 5 turns
  2775 | D:4      | HP: 2/41 [Grinder (5)]
  2775 | D:4      | Slain by a scorpion

Illustrated notes

Levels and vault maps discovered:
D:1:      minmay_arrival_shoal_huts, layout_rooms, serial_shops,
          nicolae_shop_pleasant_corner_grove, minmay_tetromino_i2
D:2:      layout_rooms, basic_altar, minivault_23, chequers_serial_rivers_marsh
D:3:      layout_loops_ring, mainiacjoe_overflow_six_doors_small,
          mainiacjoe_overflow_paths, nicolae_overflow_hidden_temple,
          gammafunk_ghost_nasty_kobolds, hangedman_decor_lopped, nrook_uturn
D:4:      layout_cave_pools, grunt_gozag_statues, general_overflow_altar,
          serial_rivers, chequers_serial_rivers_small_a,
          chequers_serial_rivers_large_a, chequers_serial_rivers_small_a,
          chequers_serial_rivers_small_3, uniq_grinder
D:5:      nicolae_cairo_tiling_large, layout_basic, kennysheep_mini_moat

Skill      XL: |  1  2  3  4 |
---------------+-------------+-----
Unarmed Combat | 2 3 |  3.9
Short Blades   | 2 |  2.8
Fighting       | |  3.0
Dodging        | |  1.7
Stealth        | |  4.5

Action                     |  1- 3 |  4- 6 || total
---------------------------+-------+-------++-------
  Melee: Unarmed           |    99 |       ||    99
         Touch             |    15 |    20 ||    35
         Dagger            |     9 |   119 ||   128
         Punch             |     3 |     4 ||     7
   Stab: Sleeping          |     6 |     1 ||     7
 Armour: Leather armour    |    23 |    22 ||    45
         Plate armour      |    34 |    22 ||    56
  Dodge: Dodged            |    63 |    75 ||   138

Table legend: (Time is in decaauts)
 A = Elapsed time spent in this place.
 B = Non-inter-level travel time spent in this place.
 C = Inter-level travel time spent in this place.
 D = Time resting spent in this place.
 E = Time spent auto-exploring this place.
 F = Levels seen in this place.
 G = Mean time per level.
                   A        B        C        D        E       F      G
               +--------+--------+--------+--------+--------+-----+--------+
         Total |   2739 |   2489 |    250 |      0 |   1884 |   5 |  547.8 |
       Dungeon |   2739 |   2489 |    250 |      0 |   1884 |   5 |  547.8 |
               +--------+--------+--------+--------+--------+-----+--------+

Top non-repeatable levels by time:
     D:3: 1105 daAuts
     D:2: 656 daAuts
     D:1: 524 daAuts
     D:4: 418 daAuts
     D:5: 35 daAuts
